AoeStats
← Cochiloco2000

Nomad

509250143Analyzed
4v4 RM · 8d ago on Sep 26, 2026· 43m 35s· 8 players
Game mode
Random Map
Map size
231×231
Population
200
Speed
Normal
Resources
Standard
Victory
Conquest
Starting age
Dark Age
Ending age
Imperial Age
RankedLock teamsTeams togetherTeam positionsShared explorationLock speedFull tech treeHidden civsTurbo modeCheats
Victory
Defeat
🇦🇷 Saracens · Argentina
1271
+12
🇵🇪 Slavs · Peru
1239
+13
🇦🇷 Dravidians · Argentina
1161
+17
🇦🇷 Gurjaras · Argentina
1149
+18
🇲🇽 Berbers · Mexico
1199
-16
🇺🇸 Khitans · United States
1197
-16
🇺🇸 Mongols · United States
1168
-14
🇲🇽 Burgundians · Mexico
1155
-14
Abraham16034735
11:23 Loom
15:03 Feudal Age
15:56 Town Watch
16:30 Double-Bit Axe
17:13 Fishing Lines
18:03 Bow Saw
20:26 Gillnets
24:04 Castle Age
22:17 Scale Barding Armor
24:28 Forging
24:11 Horse Collar
24:10 Cavalier
24:52 Husbandry
27:18 Chain Barding Armor
Cochiloco2000
3:26 Loom
15:18 Feudal Age
16:20 Double-Bit Axe
23:57 Fletching
24:03 Stone Mining
27:31 Castle Age
26:51 Bloodlines
26:51 Scale Barding Armor
26:57 Forging
27:02 Gold Mining
28:11 Wheelbarrow
30:16 Kasbah
32:28 Husbandry
34:43 Padded Archer Armor
35:45 Horse Collar
36:40 Masonry
37:43 Bow Saw
38:45 Bodkin Arrow
39:05 Leather Archer Armor
39:12 Chain Barding Armor
40:53 Ballistics
Microsoft_edger
14:58 Feudal Age
15:52 Double-Bit Axe
19:29 Scale Barding Armor
19:36 Bloodlines
19:18 Loom
21:40 Horse Collar
25:54 Castle Age
25:29 Fletching
25:41 Padded Archer Armor
25:36 Gold Mining
27:39 Wheelbarrow
27:55 Bodkin Arrow
31:39 Forging
31:50 Chain Barding Armor
31:45 Bow Saw
31:42 Heavy Plow
32:23 Light Cavalry
33:04 Husbandry
34:51 Ballistics
FetusDeletus
5:20 Loom
13:14 Feudal Age
13:43 Double-Bit Axe
17:55 Town Watch
23:09 Castle Age
21:13 Fletching
23:04 Padded Archer Armor
24:03 Bow Saw
23:49 Bodkin Arrow
25:14 Leather Archer Armor
25:56 Wheelbarrow
25:14 Domestication
33:09 Thumb Ring
34:04 Gold Mining
37:37 Imperial Age
35:37 Scale Mail Armor
36:45 Husbandry
38:24 Bracer
38:39 Chain Mail Armor
TK | Virgin King
5:23 Loom
14:05 Feudal Age
14:14 Feudal Age
18:44 Castle Age
17:31 Double-Bit Axe
22:05 Gold Mining
22:29 Scale Barding Armor
24:43 Fishing Lines
25:31 Bow Saw
25:59 Gold Shaft Mining
27:07 Bloodlines
29:59 Forging
30:13 Fletching
32:10 Iron Casting
35:19 Wheelbarrow
42:44 Imperial Age
43:24 Husbandry
TK | MaxTorres04
5:20 Loom
14:00 Feudal Age
19:18 Castle Age
19:15 Wheelbarrow
18:32 Double-Bit Axe
20:44 Bow Saw
20:29 Gold Mining
21:13 Pikeman
22:27 Horse Collar
26:17 Hand Cart
29:46 Medium Warships
29:19 Fishing Lines
37:53 Imperial Age
37:14 Forging
37:04 Scale Mail Armor
38:29 Capped Ram
39:55 Gold Shaft Mining
39:10 Stone Mining
43:04 Conscription
42:45 Druzhina
42:45 Detinets
42:05 Elite Boyar
42:52 Squires
43:16 Ballistics
izzylet
5:32 Loom
16:10 Feudal Age
16:47 Double-Bit Axe
18:49 Horse Collar
21:30 Castle Age
19:44 Gold Mining
23:06 Bow Saw
22:57 Heavy Plow
23:33 Gold Shaft Mining
25:45 Town Watch
26:44 Husbandry
26:59 Bloodlines
33:20 Light Cavalry
34:02 Husbandry
36:42 Scale Barding Armor
40:30 Chain Barding Armor
41:06 Wheelbarrow
44:29 Imperial Age
42:25 Hand Cart
43:05 Forging
43:12 Fletching
TK | SICK SAD BOOK
7:26 Loom
14:52 Feudal Age
24:29 Double-Bit Axe
26:30 Town Watch
28:56 Castle Age
33:27 Fletching
33:38 Padded Archer Armor
37:56 Ballistics
Connection lost

Rejoining the realm…

Still unreachable

The connection could not be restored.

Session expired

The server has moved on; the page needs a fresh start.